TOP OF THE 1ST |
St. Louis Browns batting - Pitching for Seattle Pikes : RHP Jesús Suárez
|
Pitching: RHP Jesús Suárez
|
|
Batting: LHB Joe Sanders
|
0-0: Ground out U3 (Groundball, 3S)
|
Batting: LHB Héctor Núñez
|
0-0: Ball 1-0: Called Strike 1-1: Swinging Strike 1-2: Foul Ball, location: 2F 1-2: Ball 2-2: Foul Ball, location: 2F 2-2: Foul Ball, location: 2F 2-2: Ball 3-2: Ground out U3 (Groundball, 3L)
|
Batting: LHB Mike Hill
|
0-0: Ball 1-0: Ball 2-0: Foul Ball, location: 2F 2-1: SOLO HOME RUN (Flyball, 9LD), Distance : 358 ft
|
Batting: LHB Mario García
|
0-0: Ball 1-0: Swinging Strike 1-1: Ball 2-1: Foul Ball, location: 2F 2-2: Ball 3-2: Ground out 5-3 (Groundball, 56)
|
Top of the 1st over - 1 run(s), 1 hit(s), 0 error(s), 0 left on base; St. Louis 1 - Seattle 0 |
BOTTOM OF THE 1ST |
Seattle Pikes batting - Pitching for St. Louis Browns : LHP Bernardo Miranda
|
Pitching: LHP Bernardo Miranda
|
|
Batting: RHB Randy Sheppard
|
0-0: Ball 1-0: SINGLE (Line Drive, 8LS)
|
Batting: RHB Iván Gonzáles
|
0-0: Foul Ball, location: 2F 0-1: Ball 1-1: Foul Ball, location: 2F 1-2: SINGLE (Line Drive, 7S) Randy Sheppard to second
|
Batting: RHB António Ortega
|
0-0: Ball 1-0: SINGLE (Line Drive, 4MD) Randy Sheppard to third Iván Gonzáles to second Runner from 3rd tries for Home, SAFE, no throw or cutoff
|
Batting: RHB Manuel Rico
|
0-0: Fly out, F9 (Flyball, 9M)
|
Batting: RHB Dave Morgan
|
0-0: Ball Single, Error in OF, E8, batter to second base Iván Gonzáles scores António Ortega to third
|
Batting: RHB Dennis Stephenson
|
0-0: TRIPLE (Flyball, 8LXD) António Ortega scores Dave Morgan scores
|
Batting: RHB Lorenzo Ayala
|
0-0: Ball 1-0: Ball 2-0: Ball 3-0: Called Strike 3-1: Fly out, F7 (Flyball, 7D) Runner from 3rd tags up, SCORES, no throw
|
Batting: RHB Rafael Rincón
|
0-0: Ball 1-0: Ball 2-0: Called Strike 2-1: Swinging Strike 2-2: Strikes out swinging
|
Bottom of the 1st over - 5 run(s), 5 hit(s), 1 error(s), 0 left on base; St. Louis 1 - Seattle 5 |
TOP OF THE 2ND |
St. Louis Browns batting - Pitching for Seattle Pikes : RHP Jesús Suárez
|
Batting: RHB Mario Rosales
|
0-0: Called Strike 0-1: Ball 1-1: Ball 2-1: Ball 3-1: Called Strike 3-2: Fly out, F9 (Flyball, 9LS)
|
Batting: LHB Clinton Clark
|
0-0: Ball 1-0: Ball 2-0: Ball 3-0: Base on Balls
|
Batting: LHB Jorge Torres
|
0-0: Grounds into double play, 4-6-3 (Groundball, 4)
|
Top of the 2nd over - 0 run(s), 0 hit(s), 0 error(s), 0 left on base; St. Louis 1 - Seattle 5 |
BOTTOM OF THE 2ND |
Seattle Pikes batting - Pitching for St. Louis Browns : LHP Bernardo Miranda
|
Batting: RHB Roberto Zamora
|
0-0: Called Strike 0-1: Foul Ball, location: 2F 0-2: Strikes out swinging
|
Batting: RHB Randy Sheppard
|
0-0: TRIPLE (Flyball, 8LXD)
|
Batting: RHB Iván Gonzáles
|
0-0: Ball 1-0: Called Strike 1-1: Ball 2-1: Ground out 3-1 (Groundball, 34) Randy Sheppard scores
|
Batting: RHB António Ortega
|
0-0: Called Strike 0-1: Ball Reached via error on a dropped throw, E3
|
Batting: RHB Manuel Rico
|
0-0: Ball 1-0: Ball 2-0: Foul Ball, location: 2F 2-1: SINGLE (Flyball, 8RS) António Ortega to second
|
Batting: RHB Dave Morgan
|
0-0: Fly out, F9 (Flyball, 9M)
|
Bottom of the 2nd over - 1 run(s), 2 hit(s), 1 error(s), 2 left on base; St. Louis 1 - Seattle 6 |
TOP OF THE 3RD |
St. Louis Browns batting - Pitching for Seattle Pikes : RHP Jesús Suárez
|
Batting: LHB Víctor Hernández
|
0-0: Foul Ball, location: 2F 0-1: Ground out 4-3 (Groundball, 4)
|
Batting: RHB Will Brown
|
0-0: Fly out, F8 (Flyball, 8RXD)
|
Batting: LHB Joe Sanders
|
0-0: Called Strike 0-1: Ball 1-1: Foul Ball, location: 2F 1-2: Ground out 4-3 (Groundball, 4)
|
Top of the 3rd over - 0 run(s), 0 hit(s), 0 error(s), 0 left on base; St. Louis 1 - Seattle 6 |
BOTTOM OF THE 3RD |
Seattle Pikes batting - Pitching for St. Louis Browns : LHP Bernardo Miranda
|
Batting: RHB Dennis Stephenson
|
0-0: Ball 1-0: Swinging Strike 1-1: Ball 2-1: Foul Ball, location: 2F 2-2: Ball 3-2: Base on Balls
|
Pitching: RHP Ramón Silva
|
|
Batting: RHB Lorenzo Ayala
|
0-0: Swinging Strike 0-1: Ball 1-1: Foul Ball, location: 2F 1-2: Ball 2-2: Foul Ball, location: 2F 2-2: Ball 3-2: Strikes out swinging
|
Batting: RHB Rafael Rincón
|
0-0: Called Strike 0-1: Ball 1-1: Ball 2-1: Swinging Strike 2-2: Foul Ball, location: 2F 2-2: Strikes out swinging
|
Batting: RHB Roberto Zamora
|
0-0: Called Strike 0-1: Ball 1-1: Called Strike 1-2: Ball 2-2: Ground out 6-3 (Groundball, 6)
|
Bottom of the 3rd over - 0 run(s), 0 hit(s), 0 error(s), 1 left on base; St. Louis 1 - Seattle 6 |
TOP OF THE 4TH |
St. Louis Browns batting - Pitching for Seattle Pikes : RHP Jesús Suárez
|
Batting: LHB Héctor Núñez
|
0-0: SINGLE (Line Drive, 78S)
|
Batting: LHB Mike Hill
|
0-0: Ball 1-0: Called Strike 1-1: Ball 2-1: DOUBLE (Line Drive, 78S) Héctor Núñez to third
|
Batting: LHB Mario García
|
0-0: Ball 1-0: Ground out U3 (Groundball, 3)
|
Batting: RHB Mario Rosales
|
0-0: Fly out, F8 (Flyball, 8LXD) Runner from 3rd tags up, SCORES, no throw Mike Hill to third
|
Batting: LHB Clinton Clark
|
0-0: Foul Ball, location: 2F Balk! Mike Hill scores 0-1: Ground out 6-3 (Groundball, 6)
|
Top of the 4th over - 2 run(s), 2 hit(s), 0 error(s), 0 left on base; St. Louis 3 - Seattle 6 |
BOTTOM OF THE 4TH |
Seattle Pikes batting - Pitching for St. Louis Browns : RHP Ramón Silva
|
Batting: RHB Randy Sheppard
|
0-0: Called Strike 0-1: Foul Ball, location: 2F 0-2: Strikes out swinging
|
Batting: RHB Iván Gonzáles
|
0-0: Ground out 5-3 (Groundball, 56)
|
Batting: RHB António Ortega
|
0-0: Ball 1-0: Ground out 4-3 (Groundball, 4M)
|
Bottom of the 4th over - 0 run(s), 0 hit(s), 0 error(s), 0 left on base; St. Louis 3 - Seattle 6 |
TOP OF THE 5TH |
St. Louis Browns batting - Pitching for Seattle Pikes : RHP Jesús Suárez
|
Pitching: RHP Jim Nelson
|
|
Batting: LHB Jorge Torres
|
0-0: Called Strike 0-1: Ball 1-1: Ball 2-1: SINGLE (Groundball, 4MD)
|
Batting: LHB Víctor Hernández
|
0-0: Ball 1-0: Ball 2-0: Called Strike 2-1: SINGLE (Line Drive, 6MD) Jorge Torres to second
|
Batting: RHB Will Brown
|
0-0: Called Strike 0-1: Ball 1-1: Ball 2-1: Ball 3-1: Foul Ball, location: 2F 3-2: Strikes out looking
|
Batting: LHB Joe Sanders
|
0-0: Swinging Strike 0-1: Ball 1-1: Swinging Strike 1-2: Foul Ball, location: 2F 1-2: SINGLE (Groundball, 4MD) Jorge Torres to third Víctor Hernández to second Runner from 3rd tries for Home, SAFE, throw made home
|
Batting: LHB Héctor Núñez
|
0-0: Called Strike 0-1: Called Strike 0-2: SINGLE (Groundball, 34) Víctor Hernández to third Joe Sanders to second Runner from 3rd tries for Home, SAFE, throw made home Joe Sanders to third Héctor Núñez to second
|
Batting: LHB Mike Hill
|
0-0: Foul Ball, location: 2F 0-1: Foul Ball, location: 2F 0-2: Fly out, F9 (Flyball, 89M) Runner from 3rd tags up, OUT at HOME
|
Top of the 5th over - 2 run(s), 4 hit(s), 0 error(s), 1 left on base; St. Louis 5 - Seattle 6 |
BOTTOM OF THE 5TH |
Seattle Pikes batting - Pitching for St. Louis Browns : RHP Ramón Silva
|
Batting: RHB Manuel Rico
|
0-0: Ball 1-0: Foul Ball, location: 2F 1-1: Foul Ball, location: 2F 1-2: Ground out 2-3 (Groundball, 23)
|
Batting: RHB Dave Morgan
|
0-0: Swinging Strike 0-1: Foul Ball, location: 2F 0-2: Ball 1-2: Ground out 6-3 (Groundball, 6)
|
Batting: RHB Dennis Stephenson
|
0-0: Called Strike 0-1: Foul Ball, location: 2F 0-2: Ball 1-2: Strikes out looking
|
Bottom of the 5th over - 0 run(s), 0 hit(s), 0 error(s), 0 left on base; St. Louis 5 - Seattle 6 |
TOP OF THE 6TH |
St. Louis Browns batting - Pitching for Seattle Pikes : RHP Jim Nelson
|
Batting: LHB Mario García
|
0-0: Foul Ball, location: 2F 0-1: Swinging Strike 0-2: Ball 1-2: Strikes out looking
|
Batting: RHB Mario Rosales
|
0-0: Called Strike 0-1: Ball 1-1: Fly out, F9 (Popup, 89S)
|
Batting: LHB Clinton Clark
|
0-0: Ball 1-0: Swinging Strike 1-1: Ball 2-1: Swinging Strike 2-2: Strikes out looking
|
Top of the 6th over - 0 run(s), 0 hit(s), 0 error(s), 0 left on base; St. Louis 5 - Seattle 6 |
BOTTOM OF THE 6TH |
Seattle Pikes batting - Pitching for St. Louis Browns : RHP Ramón Silva
|
Batting: RHB Lorenzo Ayala
|
0-0: Called Strike 0-1: Swinging Strike 0-2: Fly out, F4 (Popup, 4MS)
|
Batting: RHB Rafael Rincón
|
0-0: Called Strike 0-1: Ball 1-1: Ball 2-1: Foul Ball, location: 2F 2-2: Foul Ball, location: 2F 2-2: Strikes out swinging
|
Batting: RHB Roberto Zamora
|
0-0: Called Strike 0-1: Ball 1-1: Fly out, F7 (Flyball, 78M)
|
Bottom of the 6th over - 0 run(s), 0 hit(s), 0 error(s), 0 left on base; St. Louis 5 - Seattle 6 |
TOP OF THE 7TH |
St. Louis Browns batting - Pitching for Seattle Pikes : RHP Jim Nelson
|
Pitching: LHP Cristián Escobar
|
|
Batting: LHB Jorge Torres
|
0-0: Called Strike 0-1: Ball 1-1: Ball 2-1: Ground out 6-3 (Groundball, 6)
|
Batting: LHB Víctor Hernández
|
0-0: Ball 1-0: Ball 2-0: Called Strike 2-1: SINGLE (Line Drive, 8RS)
|
Batting: RHB Will Brown
|
0-0: Ball 1-0: Grounds into double play, 4-6-3 (Groundball, 4)
|
Top of the 7th over - 0 run(s), 1 hit(s), 0 error(s), 0 left on base; St. Louis 5 - Seattle 6 |
BOTTOM OF THE 7TH |
Seattle Pikes batting - Pitching for St. Louis Browns : RHP Ramón Silva
|
Pitching: RHP Beau Brown
|
|
Pinch Hitting: LHB Bruno Lalonde
|
0-0: Ball 1-0: Foul Ball, location: 2F 1-1: Ground out 4-3 (Groundball, 4)
|
Pinch Hitting: LHB Chad Weaver
|
0-0: Ball 1-0: Foul Ball, location: 2F 1-1: Foul Ball, location: 2F 1-2: Ball 2-2: Strikes out swinging
|
Pinch Hitting: LHB Eduardo Gómez
|
0-0: Called Strike 0-1: Ball 1-1: Ground out 4-3 (Groundball, 4M)
|
Bottom of the 7th over - 0 run(s), 0 hit(s), 0 error(s), 0 left on base; St. Louis 5 - Seattle 6 |
TOP OF THE 8TH |
St. Louis Browns batting - Pitching for Seattle Pikes : LHP Cristián Escobar
|
Now at 1B: Reynold Akker
|
|
Now at 3B: Naomi Kitamura
|
|
Now in CF: Bruno Lalonde
|
|
Batting: LHB Joe Sanders
|
0-0: Foul Ball, location: 2F 0-1: Ground out 4-3 (Groundball, 4)
|
Pinch Hitting: RHB Marc Ploughman
|
0-0: Foul Ball, location: 2F 0-1: Called Strike 0-2: Ball 1-2: Ball 2-2: Strikes out swinging
|
Pinch Hitting: RHB Arturo Rodríguez
|
0-0: Called Strike 0-1: Ball 1-1: Ball 2-1: DOUBLE (Line Drive, 7LS)
|
Pinch Hitting: RHB Tadakuni Sugiyama
|
0-0: Ball 1-0: SINGLE (Groundball, 6M) Arturo Rodríguez to third Runner from 3rd tries for Home, SAFE, no throw or cutoff
|
Pinch Hitting: RHB R.J. Parker
|
0-0: Ball Wild Pitch! Tadakuni Sugiyama to second 1-0: Foul Ball, location: 2F 1-1: Ball 2-1: Ball 3-1: Base on Balls
|
Batting: RHB Yoshinori Sasaki
|
0-0: Ball 1-0: Ball 2-0: Fielders Choice at 2nd, 6-4 (Groundball, 6)
|
Top of the 8th over - 1 run(s), 2 hit(s), 0 error(s), 1 left on base; St. Louis 6 - Seattle 6 |
BOTTOM OF THE 8TH |
Seattle Pikes batting - Pitching for St. Louis Browns : RHP Beau Brown
|
Now at 3B: Tommy Evans
|
|
Now in LF: Marc Ploughman
|
|
Now in CF: Arturo Rodríguez
|
|
Now in RF: Don Simpson
|
|
Pinch Hitting: LHB Luka Lagerweij
|
0-0: Foul Ball, location: 2F 0-1: SOLO HOME RUN (Flyball, 89XD), Distance : 409 ft
|
Batting: RHB Murai Ishihara
|
0-0: Ball 1-0: Called Strike 1-1: Foul Ball, location: 2F 1-2: Fly out, F7 (Flyball, 7LS)
|
Batting: RHB Dennis Stephenson
|
0-0: Called Strike 0-1: Foul Ball, location: 2F 0-2: Ball 1-2: Ground out 6-3 (Groundball, 6)
|
Pinch Hitting: SHB António Hernández
|
0-0: Called Strike 0-1: SINGLE (Groundball, 34D)
|
Pitching: RHP António Ojeda
|
|
Pinch Hitting: RHB John Anderson
|
0-0: Fly out, F8 (Flyball, 8RXD)
|
Bottom of the 8th over - 1 run(s), 2 hit(s), 0 error(s), 1 left on base; St. Louis 6 - Seattle 7 |
TOP OF THE 9TH |
St. Louis Browns batting - Pitching for Seattle Pikes : LHP Cristián Escobar
|
Pitching: RHP José Salinas
|
|
Now at 2B: António Hernández
|
|
Now in LF: Emílio Bruno
|
|
Now in RF: Luka Lagerweij
|
|
Pinch Hitting: LHB Diego Torres
|
0-0: Ball 1-0: Foul Ball, location: 2F 1-1: Foul Ball, location: 2F 1-2: Ground out 3-1 (Groundball, 34)
|
Pinch Hitting: RHB Barney Lawson
|
0-0: Swinging Strike 0-1: Ball 1-1: Ball 2-1: Called Strike 2-2: Foul Ball, location: 2F 2-2: Strikes out swinging
|
Pinch Hitting: RHB Juan Brito
|
0-0: Ball 1-0: Foul Ball, location: 2F 1-1: Swinging Strike 1-2: Strikes out looking
|
Top of the 9th over - 0 run(s), 0 hit(s), 0 error(s), 0 left on base; St. Louis 6 - Seattle 7 |
|